Match 44834925
Unlisted

Match 44834925
End
Construct Barracks
Scout Squad
Selects Heavy Weapons
Riflemen Squad
Engineer Squad
Riflemen Squad
Riflemen Squad
Infantry Support Center
Construct Medical Station
Construct Motor Pool
Grenade Package
M8 Greyhound Armored Car
M1 Anti-tank Gun Team
Selects Assault Carriers
Selects Exchangeable Parts
M1 Anti-tank Gun Team
Selects Towed M5 3-inch Anti-tank Gun
Towed M5 3-inch Anti-tank Gun
Max1boy
SneaKerz
Blacksmith
RAisedBeast
0
0

Comments sign in to comment!

No comments posted yet!